Unix NetHack Version 3.7.0-101 Work-in-progress - last build Mar 25 2024 11:18:41 (462964f8eaac915e699fc3a71b43428251fec12b,branch:master). Game began 2024-03-25 13:41:37, ended 2024-03-26 08:46:21. elenmirie, neutral female gnomish Archeologist ---------- ----- o.oo......| |^..| -----------..... oZ{o@.....| |+..-### ####%#####...............| #####-..<.....| ---.- # 0#### |..............| # #---------- ## # #.^........(....| # ## # #### #--|------------- #### # # # -------- ################### # # # |....... ######### # # # ## |*.....| ###### # # ---.------ ####|....%.| ### ## # |.%......| #-.......## # ---------# |........| -------- # |........# |...)....| ##### ........| |........-#### --.---- # |.......| |........| |.....-####.......>| |........| |.....| |.......| ---------- |...... --------- ------- Elenmirie the Investigator St:17 Dx:9 Co:14 In:15 Wi:15 Ch:9 Neutral Dlvl:3 $:784 HP:0(41) Pw:30(30) AC:5 Xp:6/392 T:6010 Latest messages: You lash the giant ant! The giant ant bites! The giant ant bites! You kill the giant ant! There are several objects here. G - a giant ant corpse. What do you want to sacrifice? [G or ?*] G Your sacrifice is consumed in a plume of smoke! You glimpse a four-leaf clover at your feet. You stop searching. You stop searching. You lash the iguana! You lash the iguana! You kill the iguana! You are beginning to feel weak. You stop searching. Are you sure you want to pray? [yn] (n) y You begin praying to Camaxtli. You are surrounded by a shimmering light. You finish your prayer. You feel that Camaxtli is well-pleased. Your stomach feels content. You stop searching. You stop searching. The newt bites! You kill the newt! The hill orc picks up 35 rocks. The hill orc wields a curved sword! You lash the hill orc! You lash the hill orc! The hill orc hits! The hill orc swings his curved sword. The hill orc just misses! The hill orc wields a curved sword! The curved sword welds itself to the hill orc's hand! The hill orc misses the gnome zombie. You kill the hill orc! The hill orc swings his curved sword. The hill orc hits! The hill orc picks up 45 rocks. The hill orc hits the gnome zombie. You lash the hill orc! The hill orc swings his curved sword. The hill orc hits! You die... Do you want your possessions identified? [ynq] (y) y Do you want to see your attributes? [ynq] (y) y Do you want an account of creatures vanquished? [ynaq] (y) y Do you want to see your conduct and achievements? [ynq] (y) y Do you want to see the dungeon overview? [ynq] (y) y Inventory: Coins $ - 784 gold pieces Amulets h - an uncursed amulet of ESP (being worn) Weapons m - 2 uncursed +0 darts u - an uncursed +0 dagger a - an uncursed +2 bullwhip (weapon in right hand) Armor c - an uncursed +0 fedora f - an uncursed corroded +0 orcish helm (being worn) B - an uncursed +0 elven mithril-coat (being worn) Potions C - a cursed potion of healing Rings n - an uncursed ring of poison resistance Wands o - an uncursed wand of slow monster (0:7) Tools w - an uncursed sack containing 10 items p - an uncursed brass lantern y - an uncursed expensive camera (0:75) D - an uncursed magic marker (0:95) t - an uncursed tinning kit (0:32) Gems/Stones g - an uncursed touchstone Contents of the sack: an uncursed scroll of earth an uncursed scroll of light an uncursed scroll of remove curse an uncursed potion of extra healing 4 uncursed potions of healing a cursed potion of healing an uncursed potion of invisibility 2 uncursed potions of monster detection a cursed potion of object detection an uncursed +0 pick-axe Elenmirie the Archeologist's attributes: Background: You were an Investigator, a level 6 female gnomish Archeologist. You were neutral, on a mission for Camaxtli who was opposed by Quetzalcoatl (lawful) and Huhetotl (chaotic). You were right-handed. You were in the Dungeons of Doom, on level 3. You entered the dungeon 6010 turns ago. There was a full moon in effect when your adventure ended. You had 392 experience points, 248 more were needed to attain level 7. Basics: You had 0 out of 41 hit points. You had all 30 energy points (spell power). Your armor class was 5. Your wallet contained 784 zorkmids. Autopickup was on for '$' plus thrown. Final Characteristics: Your strength was 17 (limit:18/50). Your dexterity was 9 (limit:18). Your constitution was 14 (limit:18). Your intelligence was 15 (limit:19). Your wisdom was 15 (limit:18). Your charisma was 9 (limit:18). Final Status: You weren't hungry. You were unencumbered. You were wielding a whip. You were skilled in whip. Final Attributes: You were piously aligned. You were telepathic. You had automatic searching. You had infravision. You were stealthy. You were guarded. You were lucky. You are dead. Miscellaneous: You never encountered a bones level. Total elapsed playing time was 53 minutes and 28 seconds. Major events: Turn 1: elenmirie the neutral female gnomish Archeologist entered the dungeon 1072: attained the rank of Field Worker (level 3) 5757: attained the rank of Investigator (level 6) 6010: killed by a hill orc Vanquished creatures: an imp a rock mole a shrieker 3 giant ants 4 floating eyes 2 kittens a dwarf a homunculus a hill orc a rothe an orc zombie 3 wererats 8 iguanas 4 acid blobs 2 coyotes 5 gas spores 3 hobbits 3 manes 2 hobgoblins 2 yellow molds a gnome 2 garter snakes 4 gnome zombies 5 geckos 12 jackals 4 kobolds a goblin 11 sewer rats 2 grid bugs a bat 3 lichens 3 kobold zombies 13 newts 111 creatures vanquished. No species were genocided or became extinct. Voluntary challenges: You read items or engraved 1 time. You never engraved Elbereth. You never genocided any monsters. You never polymorphed an object. You never changed form. You used no wishes. Achievements: You entered a shop. You attained the rank of Field Worker. You attained the rank of Investigator. The Dungeons of Doom: levels 1 to 5 Level 1: Some fountains. Level 2: Level 3: <- You were here. An altar to Camaxtli, a fountain. Final resting place for you, killed by a hill orc. Level 4: Level 5: Game over: ---------- / \ / REST \ / IN \ / PEACE \ / \ | elenmirie | | 784 Au | | killed by a hill | | orc | | | | | | 2024 | *| * * * | * _________)/\\_//(\/(/\)/\//\/|_)_______ Goodbye elenmirie the Archeologist... You died in The Dungeons of Doom on dungeon level 3 with 2474 points, and 784 pieces of gold, after 6010 moves. You were level 6 with a maximum of 41 hit points when you died.